 Dungeon Crawl Stone Soup version 0.21-a0-210-gbfa5647 (webtiles) character file.

255 tehllama the Insei (level 6, -6/41 HPs)
             Began as an Octopode Transmuter on Aug 21, 2017.
             Killed by divine providence
             ... invoked by an orc priest
              (16 damage)
             ... on level 4 of the Dungeon.
             The game lasted 00:04:13 (3388 turns).

tehllama the Insei (Octopode Transmuter)            Turns: 3388, Time: 00:04:14

Health: -6/41      AC:  1    Str: 11    XL:     6   Next: 15%
Magic:  2/9        EV: 13    Int: 16    God:
Gold:   178        SH:  0    Dex: 12    Spells: 3/9 levels left

rFire    . . .     SeeInvis .     - Unarmed
rCold    + . .     Gourm    .   (no shield)
rNeg     . . .     Faith    .   (helmet restricted)
rPois    .         Spirit   .   (no amulet)
rElec    .         Reflect  .   r - ring of protection from cold
rCorr    .         Harm     .   (no ring)
MR       .....                  (no ring)
Stlth    +++.......             (no ring)
HPRegen  0.13/turn              (no ring)
MPRegen  0.11/turn              (no ring)
                                (no ring)
                                (no ring)

@: very slightly contaminated
A: almost no armour, stealthy swim, amphibious, 8 rings, constrict 8, camouflage
1, gelatinous body 1
a: no special abilities


You were on level 4 of the Dungeon.
You were not hungry.

You visited 1 branch of the dungeon, and saw 4 of its levels.

You collected 178 gold pieces.

Inventory:

Missiles
 a - 55 arrows
Jewellery
 r - a ring of protection from cold (left tentacle)
Wands
 u - a wand of flame (46/48)
Scrolls
 d - 2 scrolls of remove curse
 e - a scroll of recharging
 h - a scroll of blinking
 k - a scroll of teleportation
Potions
 g - 2 potions of haste
 i - a potion of flight {unknown}
 n - 2 potions of resistance
 o - 2 potions of magic {unknown}
 s - a potion of degeneration {unknown}
Books
 b - a book of Changes

   Spells                             Type                      Level
   a - Beastly Appendage              Transmutation                1
   b - Sticks to Snakes               Transmutation                2
   c - Spider Form                    Transmutation/Poison         3
   d - Ice Form                       Ice/Transmutation            4
   e - Blade Hands                    Transmutation                5
Comestibles
 c - 6 bread rations
 f - 2 fruits
 j - a chunk of flesh


   Skills:
 + Level 2.6 Fighting
 + Level 2.0 Dodging
 + Level 3.1 Stealth
 * Level 5.5 Unarmed Combat
 + Level 2.0 Spellcasting
 * Level 2.1 Transmutations
 + Level 0.2 Poison Magic


You had 3 spell levels left.
You knew the following spells:

 Your Spells              Type           Power        Failure   Level  Hunger
a - Beastly Appendage     Tmut           #.....       9%          1    #......
b - Sticks to Snakes      Tmut           #.......     13%         2    ###....
c - Spider Form           Tmut/Pois      #.........   36%         3    ###....


Dungeon Overview and Level Annotations

Branches:
Dungeon (4/15)
 Temple: D:4-7

Altars:
Hepliaklqana


Innate Abilities, Weirdness & Mutations

You cannot wear most types of armour.
You are very stealthy in the water. (Stealth+)
You are amphibious.
You can wear up to eight rings at the same time.
You can use your tentacles to constrict eight enemies at once.
Your skin changes colour to match your surroundings (Stealth+).
Your rubbery body absorbs attacks. (AC +1, EV +1)


Message History

The orc priest hits you with a short sword.
Found a metallic purple potion.
Found a stone staircase leading up.
An orc priest comes into view. It is wielding a club.
The orc priest shouts!
You tentacle-slap the orc priest. You grab the orc priest.
The orc priest is moderately wounded.
You constrict the orc priest. The orc priest closely misses you.
You tentacle-slap the orc priest but do no damage.
The orc priest is heavily wounded.
You constrict the orc priest.
The orc priest casts a cantrip, but nothing happens.
An orc comes into view.
You bludgeon the orc priest!
You kill the orc priest!
The orc priest calls down the wrath of Beogh upon you.
Beogh smites you!
* * * LOW HITPOINT WARNING * * *
The orc priest calls down the wrath of Beogh upon you.
Beogh smites you!
You die...

#.###.##...##### #.#
### #
#..............#.#...
#.##.##..#####.#.#.###
#.##..#..#......).<..#
######+#......# #o#
..............# #.#
..............# #.#
..............# #.#
.............@#######.#
........####...o...o..#
........# #...########
........# ##..#
......... #...# .......
+....# .... #....#
##...# #.#..


You could see an orc priest and an orc.

Vanquished Creatures
  A howler monkey (D:3)
  An orc priest (D:4)
  A bullfrog skeleton (D:3)
  Ijyb (D:3)
  5 adders
  A howler monkey skeleton (D:4)
  An ooze (D:1)
  An adder zombie (D:3)
  4 worms
  A dart slug (D:2)
  3 leopard geckos
  An orc (D:3)
  6 giant cockroaches
  6 hobgoblins
  2 jackals (D:1)
  2 quokkas (D:2)
  2 ball pythons
  9 bats
  3 frilled lizards
  4 goblins
  5 kobolds
  5 rats
65 creatures vanquished.

Vanquished Creatures (others)
  An iguana (D:4)
  A worker ant (D:4)
  2 adders (D:4)
4 creatures vanquished.

Grand Total: 69 creatures vanquished

Notes
Turn   | Place    | Note
-------+----------+-------------------------------------------
     0 | D:1      | tehllama the Octopode Transmuter began the quest for the Orb.
     0 | D:1      | Reached XP level 1. HP: 13/13 MP: 3/3
    74 | D:1      | Reached XP level 2. HP: 16/18 MP: 5/5
   504 | D:1      | Reached skill level 4 in Unarmed Combat
   703 | D:1      | Reached XP level 3. HP: 23/23 MP: 6/6
  1311 | D:2      | Found a hazy altar of Hepliaklqana.
  1657 | D:2      | Reached XP level 4. HP: 26/29 MP: 7/7
  1915 | D:3      | Reached skill level 1 in Stealth
  2150 | D:3      | Reached XP level 5. HP: 31/34 MP: 6/8
  2200 | D:3      | Reached skill level 5 in Unarmed Combat
  2204 | D:3      | Learned a level 2 spell: Sticks to Snakes
  2208 | D:3      | Learned a level 3 spell: Spider Form
  2289 | D:3      | Noticed Ijyb
  2297 | D:3      | Killed Ijyb
  2939 | D:4      | Noticed a phantom
  3356 | D:4      | Reached XP level 6. HP: 39/41 MP: 7/9
  3388 | D:4      | Killed from afar by an orc priest

Vault maps used:
D:1:      dpeg_arrival_short_road
D:2:      overflow_temple_1_default, first_bread
D:3:      uniq_ijyb
D:4:      xom_confusion_cloud, kennysheep_generic_room_6

Skill      XL: |  1  2  3  4  5 |
---------------+----------------+-----
Unarmed Combat | 4 5 |  5.5
Stealth        | 1 3 |  3.1
Fighting       | 2 |  2.6
Dodging        | |  2.0
Spellcasting   | |  2.0
Transmutations | |  2.1
Poison Magic   | |  0.2

Action                   |  1- 3 |  4- 6 || total
-------------------------+-------+-------++-------
Melee: Unarmed           |    90 |    78 ||   168
       Constrict         |    22 |    13 ||    35
       Tentacles         |    16 |    15 ||    31
       Punch             |     1 |     2 ||     3
       Kick              |     2 |     6 ||     8
 Cast: Beastly Appendage |     7 |     8 ||    15
       Spider Form       |       |     2 ||     2
       Sticks to Snakes  |       |     2 ||     2
  Use: Scroll            |       |    13 ||    13
 Stab: Sleeping          |    10 |     3 ||    13
       Distracted        |     1 |       ||     1
  Eat: Chunk             |     2 |     4 ||     6
       Meat ration       |       |     1 ||     1
Armor: Skin              |    24 |     6 ||    30
Dodge: Dodged            |    45 |    44 ||    89

Table legend:
 A = Spawn XP
 B = Non-spawn XP
 C = Spawn XP percentage of total XP
 D = Spawn monster count
 E = Non-spawn monster count
 F = Spawn count percentage of total count
 G = Total turns spent on level
                    A         B        C        D         E        F      G
               +---------+---------+-------+---------+---------+-------+---------
         Total |      21 |     344 |   5.8 |      12 |      53 |  18.5 |  3388
               +---------+---------+-------+---------+---------+-------+---------
           D:1 |       1 |      37 |   2.6 |       1 |      18 |   5.3 |   842
           D:2 |      10 |      35 |  22.2 |       4 |      14 |  22.2 |  1001
           D:3 |      10 |     189 |   5.0 |       7 |      15 |  31.8 |  1323
           D:4 |       0 |      83 |   0.0 |       0 |       6 |   0.0 |   222
               +---------+---------+-------+---------+---------+-------+---------
